 Dungeon Crawl Stone Soup version 0.13.0-18-g7b03ea5 (webtiles) character file.

2156 M4edhros the Covert (level 9, -9/54 HPs)
             Began as an Octopode Artificer on Oct 22, 2013.
             Was a Priest of Zin.
             Mangled by a wight
             ... wielding a +3,+2 battleaxe
              (13 damage)
             ... on Level 8 of the Dungeon.
             The game lasted 00:13:51 (7701 turns).

M4edhros the Covert (Octopode Artificer)            Turns: 7701, Time: 00:13:52

HP  -9/54        AC  1     Str 10      XL: 9   Next: 11%
MP  19/19        EV 12     Int 17      God: Zin [***...]
Gold 326         SH  0     Dex 11 (13) Spells:  0 memorised,  8 levels left

Res.Fire  : . . .   See Invis. : +   w - +5,+4 elf sabre (venom)
Res.Cold  : . . .   Warding    : .   (no shield)
Life Prot.: . . .   Conserve   : .   (helmet restricted)
Res.Poison: .       Res.Corr.  : +   q - amulet of resist corrosion
Res.Elec. : .       Clarity    : .   r - ring of see invisible
Sust.Abil.: . .     Spirit.Shd : .   (no ring)
Res.Mut.  : .       Stasis     : .   (no ring)
Res.Rott. : .       Flight     : .   (no ring)
Saprovore : . . .                    (no ring)
                                     (no ring)
                                     (no ring)
                                     (no ring)

@: drained, slightly resistant to hostile enchantments, extremely stealthy
A: almost no armour, amphibious, 8 rings, constrict 8, camouflage 1, AC +1
a: Recite, Vitalisation, Imprison, Renounce Religion


You were on level 8 of the Dungeon.
You worshipped Zin.
Zin was most pleased with you.
You were hungry.

You visited 2 branches of the dungeon, and saw 9 of its levels.

You collected 342 gold pieces.
You donated 36 gold pieces.

Inventory:

Hand weapons
 w - a +5,+4 elven sabre of venom (weapon)
Missiles
 l - 5 steel darts (quivered)
Magical devices
 b - a wand of flame (3)
 c - a wand of enslavement (2)
 y - a wand of enslavement (15)
Comestibles
 f - 5 bread rations
 g - a banana
 i - a chunk of hound flesh
 m - a choko
 t - a pear
Scrolls
 h - a scroll of remove curse
 j - a scroll of teleportation
Jewellery
 q - an amulet of resist corrosion (around mantle)
 r - a ring of see invisible (left tentacle)
 z - the ring "Streas Strou" {Ice rN+ Str+2 Dex+1, unknown}
   (You found it on level 7 of the Dungeon)

   [ring of ice]

   It affects your strength (+2).
   It affects your dexterity (+1).
   It protects you from negative energy.
Potions
 e - a potion of agility
 k - a potion of restore abilities
 n - a potion of magic
Books
 p - a book of Beasts

   Spells                             Type                      Level
   Summon Butterflies                 Summoning                    1
   Sticks to Snakes                   Transmutation                2
   Call Canine Familiar               Summoning                    3
   Ice Form                           Ice/Transmutation            4
   Summon Ice Beast                   Ice/Summoning                4
   Summon Hydra                       Summoning                    7


   Skills:
 - Level 1.0(0.3) Fighting
 * Level 5.3(4.5) Short Blades
 - Level 2.0(1.3) Dodging
 * Level 10.3(9.4) Stealth
 * Level 7.6(6.8) Invocations
 - Level 3.2(2.5) Evocations


You had 8 spell levels left.
You didn't know any spells.

Dungeon Overview and Level Annotations

Branches:
Dungeon (8/27)             Temple (1/1) D:4
    Orc: D:6-11        Lair: D:8-13

Altars:
Ashenzari
Cheibriados
Elyvilon
Fedhas
Kikubaaqudgha
Makhleb
Okawaru
Sif Muna
Trog
Xom
Yredelemnul
Zin
the Shining One

Annotations:
D:4 Dowan


Innate Abilities, Weirdness & Mutations

You cannot wear most types of armour.
You are amphibious.
You can wear up to eight rings at the same time.
You can use your tentacles to constrict many enemies at once.
Your skin changes colour to match your surroundings (Stlth).
Your rubbery body absorbs attacks (AC +1).


Message History

The ogre hits you with a runed great mace!
You kill the ogre!
You are feeling hungry.
Evoke which item? (* to show all) (? for menu, Esc to quit)
Zapping:
c - a wand of enslavement (3)
Press: ? - help, Shift-Dir - straight line, f - wight
Aim: a wight, wielding a battleaxe and wearing a robe The wight easily resists.
This wand has 2 charges left.
The wight hits you with a glowing dagger!
You feel drained. The wight burns you. The wight hits you with a battleaxe!
* * * LOW HITPOINT WARNING * * *
You feel drained.
* * * LOW HITPOINT WARNING * * *
Drink which item? (? for menu, Esc to quit)
Okay, then.
Read which item? (? for menu, Esc to quit)
As you read the scroll of fear, it crumbles to dust.
You assume a fearsome visage.
The wight is unaffected.
The wight is unaffected.
The wight closely misses you. The wight hits you with a battleaxe!
You die...

#.................
#.................
#.................
#.................
#.................
#.................
#.................
#.......zz........
#........@........
#...........).....
#................
#.......<........
#.....(..........
#...............
#...............
#...............
#..............


You could see 2 wights.

Vanquished Creatures
  Menkaure (D:4)
  2 sky beasts
  A centaur (D:6)
  An orc warrior (D:7)
  3 ogres
  Duvessa (D:4)
  5 giant frogs
  A crimson imp (D:5)
  2 hounds
  A jelly (D:5)
  An orc wizard (D:3)
  A giant frog zombie (D:5)
  2 goliath beetles (D:6)
  3 worker ants
  8 adders
  A gnoll (D:3)
  An inept item mimic (D:4)
  2 worms
  An adder zombie (D:7)
  A scorpion zombie (D:5)
  4 oozes
  14 orcs
  3 ball pythons
  7 bats
  A bat zombie (D:5)
  3 giant cockroaches
  15 hobgoblins
  12 jackals
  3 giant geckos
  6 giant newts
  12 goblins
  11 kobolds
  A kobold skeleton (D:7)
  An orc skeleton (D:6)
  6 quokkas
  10 rats
  A rat skeleton (D:8)
149 creatures vanquished.

Vanquished Creatures (collateral kills)
  A phantom (D:7)
  A killer bee (D:7)
  A jelly (D:7)
  An adder (D:7)
  5 orcs
  A hobgoblin (D:5)
  A kobold (D:1)
11 creatures vanquished.

Grand Total: 160 creatures vanquished

Notes
Turn   | Place    | Note
--------------------------------------------------------------
     0 | D:1      | M4edhros, the Octopode Artificer, began the quest for the Orb.
     0 | D:1      | Reached XP level 1. HP: 14/14 MP: 1/1
    49 | D:1      | Reached XP level 2. HP: 4/19 MP: 3/3
   470 | D:3      | Reached skill level 4 in Stealth
   470 | D:3      | Reached XP level 3. HP: 11/24 MP: 4/4
   736 | D:4      | Found a staircase to the Ecumenical Temple.
   737 | D:4      | Reached skill level 5 in Stealth
   739 | D:4      | Reached XP level 4. HP: 24/29 MP: 6/6
   749 | Temple   | Entered the Ecumenical Temple
   855 | Temple   | Became a worshipper of Zin the Law-Giver
  1090 | D:3      | Reached skill level 6 in Stealth
  1147 | D:3      | Acquired Zin's first power
  1564 | D:3      | Reached skill level 1 in Invocations
  1682 | D:3      | Reached XP level 5. HP: 34/34 MP: 7/7
  2056 | D:2      | Acquired Zin's second power
  3127 | D:4      | HP: 1/34 [poisoned by an adder]
  3413 | D:4      | Reached XP level 6. HP: 35/39 MP: 9/9
  3475 | D:4      | Reached skill level 7 in Stealth
  3557 | D:4      | Noticed Menkaure
  3560 | D:4      | Killed Menkaure
  3753 | D:4      | Noticed Dowan
  3754 | D:4      | Noticed Duvessa
  3769 | D:4      | Killed Duvessa
  3769 | D:4      | Reached XP level 7. HP: 9/44 MP: 12/12
  4202 | D:5      | Entered Level 5 of the Dungeon
  4204 | D:5      | Reached skill level 5 in Invocations
  4548 | D:5      | Reached skill level 8 in Stealth
  5088 | D:5      | Reached XP level 8. HP: 50/50 MP: 14/16
  5299 | D:6      | Found a glowing golden altar of the Shining One.
  5323 | D:6      | Acquired Zin's third power
  5350 | D:6      | Reached skill level 9 in Stealth
  6060 | D:7      | Got a warped silver ring
  6096 | D:7      | Found a snail-covered altar of Cheibriados.
  7320 | D:6      | Reached skill level 10 in Stealth
  7344 | D:7      | Reached skill level 5 in Short Blades
  7521 | D:7      | Reached XP level 9. HP: 30/54 MP: 19/19
  7701 | D:8      | Mangled by a wight

Action                   |  1- 3 |  4- 6 |  7- 9 || total
-------------------------+-------+-------+-------++-------
Melee: Short sword       |    52 |   117 |       ||   169
       Dagger            |       |    49 |       ||    49
       Sabre             |       |       |   131 ||   131
Invok: Vitalisation      |       |     1 |     1 ||     2
       Recite            |       |       |     2 ||     2
       Imprison          |       |       |     1 ||     1
Evoke: Wand              |     1 |     8 |    16 ||    25
  Use: Potion            |     1 |     4 |    14 ||    19
       Scroll            |       |       |    15 ||    15
 Stab: Sleeping          |     6 |    20 |    17 ||    43
       Distracted        |       |     2 |       ||     2
